 Dungeon Crawl Stone Soup version 0.29-a0-993-g4a18f31a58 (webtiles) character file.

Game seed: 14167221168110788115

6 porpoise the Chopper (level 2, -1/23 HPs)
             Began as a Formicid Gladiator on Aug 3, 2022.
             Slain by an adder (2 damage)
             ... on level 2 of the Dungeon.
             The game lasted 00:01:39 (796 turns).

porpoise the Chopper (Formicid Gladiator)            Turns: 796, Time: 00:01:39

Health: -1/23      AC:  3    Str: 18    XL:     2   Next: 0%
Magic:  2/2        EV: 16    Int:  7    God:
Gold:   14         SH:  0    Dex: 15    Spells: 1/1 levels left

rFire   . . .      SeeInvis +   a - +0 war axe
rCold   . . .      Faith    .   (no shield)
rNeg    . . .      Spirit   .   b - +0 leather armour
rPois   .          Reflect  .   (helmet unavailable)
rElec   .          Harm     .   (no cloak)
rCorr   .          Rampage  .   (no gloves)
Will    .....                   (no boots)
Stlth   +.........              (no amulet)
HPRegen 0.07/turn               g - +4 ring of evasion
MPRegen 0.08/turn               (no ring)

@: lethally poisoned (-1 -> -5)
A: permanent stasis, dig shafts and tunnels, antennae 3, four strong arms
a: Dig, Shaft Self


You were on level 2 of the Dungeon.
You visited 1 branch of the dungeon, and saw 2 of its levels.

You collected 14 gold pieces.

Inventory:

Hand Weapons
 a - a +0 war axe (weapon)
Missiles
 c - 3 throwing nets (quivered)
 d - a javelin
 k - 6 atropa-tipped darts
 m - 5 poisoned darts
Armour
 b - a +0 leather armour (worn)
Jewellery
 g - a +4 ring of evasion (left hand)
Scrolls
 e - 4 scrolls of identify {unknown}
 f - a scroll of teleportation {unknown}
 h - a scroll of noise {unknown}
 i - 2 scrolls of amnesia {unknown}
 j - a scroll of summoning {unknown}
Potions
 l - 2 potions of mutation {unknown}
 n - 2 potions of might {unknown}


   Skills:
 + Level 2.4 Fighting
 * Level 3.3 Axes
 - Level 2.0 Throwing
 - Level 2.6 Dodging


You had one spell level left.
You didn't know any spells.
Your spell library contained the following spells:

 Spells                   Type           Power      Damage    Failure   Level
 Sting                    Tmut/Pois      0%         1d3       50%         1
 Poisonous Vapours        Pois/Air       0%         N/A       63%         2
 Olgreb's Toxic Radiance  Pois           0%         N/A       99%         4


Dungeon Overview and Level Annotations

Branches:
Dungeon (2/15)

Altars:


Innate Abilities, Weirdness & Mutations

You cannot be hasted, slowed, berserked, paralysed or teleported.
You can dig through walls and to a lower floor.
You have a pair of large antennae on your head. (SInv)
Your four strong arms can wield two-handed weapons with a shield.


Message History

You are more poisoned.
The adder poisons you!
You miss the adder.
You feel very sick. The adder barely misses you.
The adder completely misses you.
You hit the adder.
The adder is lightly wounded.
You hit the rat.
You kill the rat!
You feel sick. The adder misses you. The adder barely misses you.
You have reached level 2!
You barely miss the adder.
The adder is lightly wounded.
You feel sick. The adder bites you.
You miss the adder.
The adder is lightly wounded.
You feel sick. The adder misses you. The adder bites you but does no damage.
You completely miss the adder.
The adder is lightly wounded.
You feel sick. The adder closely misses you. x2
You closely miss the adder.
You feel sick.
You are no longer poisoned.
The adder barely misses you.
You hit the adder.
The adder is heavily wounded.
The adder barely misses you. The adder bites you.
* * * LOW HITPOINT WARNING * * *
You are lethally poisoned!
The adder poisons you!
You closely miss the adder.
The adder is heavily wounded.
* * * LOW HITPOINT WARNING * * *
You feel very sick. The adder misses you. The adder bites you.
* * * LOW HITPOINT WARNING * * *
You hit the adder.
The adder is almost dead.
* * * LOW HITPOINT WARNING * * *
You feel sick. The adder barely misses you. The adder bites you.
You die...

#..#
#..##
....#
#...##
.....#
#....#.#
#.†...#
#@#
#.....S.#
..#######


You could see an adder.

Vanquished Creatures
  A bat (D:1)
  A goblin (D:1)
  A hobgoblin (D:1)
  3 rats
6 creatures vanquished.

Notes
Turn   | Place    | Note
-------+----------+-------------------------------------------
     0 | D:1      | porpoise the Formicid Gladiator began the quest for the
                  | Orb.
     0 | D:1      | Reached XP level 1. HP: 16/16 MP: 1/1
   790 | D:2      | Reached XP level 2. HP: 14/23 MP: 2/2
   796 | D:2      | HP: 1/23 [poisoned by an adder]
   796 | D:2      | Slain by an adder

Illustrated notes

Levels and vault maps discovered:
D:1:      spicycebolla_arrival_xxxplode, layout_loops_ring
D:2:      layout_loops_ring, serial_glass, glass_columns_a, glass_columns_c,
          hellmonk_ecumenical_altar_blasted

Action                   || total
-------------------------++-------
Melee: War axe           ||    24
       Punch             ||     1
Armor: Leather armour    ||     4
Dodge: Dodged            ||    20

Table legend: (Time is in decaauts)
 A = Elapsed time spent in this place.
 B = Non-inter-level travel time spent in this place.
 C = Inter-level travel time spent in this place.
 D = Time resting spent in this place.
 E = Time spent auto-exploring this place.
 F = Levels seen in this place.
 G = Mean time per level.
                   A        B        C        D        E       F      G
               +--------+--------+--------+--------+--------+-----+--------+
         Total |    806 |    792 |     14 |     61 |    667 |   2 |  403.0 |
       Dungeon |    806 |    792 |     14 |     61 |    667 |   2 |  403.0 |
               +--------+--------+--------+--------+--------+-----+--------+

Top non-repeatable levels by time:
     D:1: 792 daAuts
     D:2: 14 daAuts
